[Event "GER-chW 2019"]
[Site "Magdeburg"]
[Date "2019.05.31"]
[Round "8.5"]
[White "Schmidt, Jade"]
[Black "Zimmer, Elke"]
[Result "0-1"]
[ECO "E87"]
[WhiteElo "2062"]
[BlackElo "1926"]
[Annotator "NA"]
[PlyCount "132"]
[EventDate "2019.05.26"]
[EventType "tourn"]
[EventCountry "GER"]
[SourceTitle "playchess.com"]
[Source "ChessBase"]
[SourceQuality "1"]
[TimeControl "40/5400+30:1800+30"]

1. d4 g6 2. e4 d6 3. c4 Nf6 4. Nc3 Bg7 5. f3 O-O 6. Be3 e5 7. d5 a5 8. Qd2 Na6 9. Bd3 {[%emt 0:00:24] E87: King's Indian: Sämisch: 6...e5 7 d5} (9. Nge2 Nd7 10. g4 Ndc5 11. Ng3 Bd7 12. h4 f6 13. O-O-O Rf7 14. Qh2 Qe7 15. Be2 Kf8 16. g5 fxg5 17. hxg5 {½-½ (63) Jimenez Jimenez,L (1990)-Jaquez,J (2230) Santo Domingo 2019}) 9... b6 10. Nge2 Nc5 11. Bc2 a4 12. O-O Bd7 13. b4 $146 ({Predecessor:} 13. Ng3 Rb8 14. Rfd1 Ra8 15. Bg5 Qb8 16. h4 h5 {½-½ (58) Feierfeil,J (1807)-Pokorny,J (1879) Prague 2018}) 13... axb3 14. axb3 c6 15. Rxa8 Qxa8 16. b4 cxd5 17. bxc5 d4 18. cxb6 dxe3 19. Qxe3 Qb7 20. Rd1 Rc8 21. Bd3 Ra8 22. Rb1 h5 23. Nd1 Ra3 24. Nec3 Kh7 25. Qc1 Ra8 26. Qb2 Bc6 27. Ne3 Bh6 28. Kf2 Nd7 29. Ned5 Nc5 30. Bc2 Bg7 31. Ra1 Rb8 32. Ke2 Ne6 33. Ba4 Nf4+ 34. Nxf4 exf4 35. Bc2 Qxb6 36. Qxb6 Rxb6 37. Ra3 Rb4 38. Kd3 Be5 39. Ra6 Bd7 40. Na2 Rb2 41. Nc3 Be6 42. Ra4 Kg7 43. Ne2 g5 44. Nc1 g4 45. Kd2 $1 h4 46. Nd3 h3 47. gxh3 g3 48. hxg3 fxg3 49. Nxe5 g2 50. Ra1 dxe5 51. Rg1 Bxh3 52. Kc3 Rb8 53. Ba4 Kf6 54. c5 Kg5 55. c6 Kf4 56. Kc4 Kxf3 57. Kd5 f6 58. c7 Rb4 59. Bc6 Rd4+ 60. Kc5 Kf2 61. Ra1 $19 g1=Q 62. Rxg1 Kxg1 63. Bd5 Ra4 64. Kd6 Ra6+ 65. Ke7 Kf2 66. Bb7 Ra7 0-1

[Event "GER-chW 2019"]
[Site "Magdeburg"]
[Date "2019.05.31"]
[Round "8.6"]
[White "Perez Celis, Alba"]
[Black "Liu, Sijia Anna"]
[Result "1-0"]
[ECO "A01"]
[WhiteElo "1822"]
[BlackElo "1689"]
[Annotator "NA"]
[PlyCount "55"]
[EventDate "2019.05.26"]
[EventType "tourn"]
[EventCountry "GER"]
[SourceTitle "playchess.com"]
[Source "ChessBase"]
[SourceQuality "1"]
[TimeControl "40/5400+30:1800+30"]

1. b3 Nf6 2. Bb2 c5 3. e3 Nc6 4. f4 d5 5. Nf3 g6 6. Bb5 Bd7 7. Bxc6 Bxc6 8. Ne5 Bg7 9. Nxc6 bxc6 10. O-O O-O 11. d3 Qd7 12. Qe2 d4 13. e4 Ng4 14. Na3 Ne3 15. Rf3 e5 16. fxe5 Bxe5 17. Rxe3 Bxh2+ 18. Kxh2 dxe3 19. Qxe3 Rae8 20. Qxc5 Re6 21. Nc4 Qc7+ 22. Kg1 Rfe8 23. Rf1 g5 24. Qd4 f6 25. Rxf6 Qg7 26. Rf8+ Qxf8 27. Qh8+ Kf7 28. Qxh7+ 1-0

[Event "GER-chW 2019"]
[Site "Magdeburg"]
[Date "2019.05.31"]
[Round "8.7"]
[White "Kopylov, Luba"]
[Black "Ries, Jutta"]
[Result "0-1"]
[ECO "A45"]
[WhiteElo "2078"]
[BlackElo "2017"]
[Annotator "NA"]
[PlyCount "124"]
[EventDate "2019.05.26"]
[EventType "tourn"]
[EventCountry "GER"]
[SourceTitle "playchess.com"]
[Source "ChessBase"]
[SourceQuality "1"]
[TimeControl "40/5400+30:1800+30"]

1. d4 Nf6 2. g3 d5 3. c4 c6 4. Bg2 Nbd7 5. Nf3 g6 6. O-O {[%emt 0:04:20] D00: 1 d4 d5: Unusual lines} dxc4 7. Qc2 Nb6 8. Nbd2 Bg7 9. Nxc4 Bf5 10. Qb3 $146 ({Predecessor:} 10. Qc3 Nxc4 11. Qxc4 O-O 12. Rd1 a5 13. Qb3 {½-½ (38) Grischuk,A (2764)-Aronian,L (2809) London 2013}) 10... Be6 11. Nfe5 Qxd4 12. Be3 Bxc4 13. Bxd4 Bxb3 14. axb3 O-O 15. Bc5 Nfd7 16. Nxd7 Nxd7 17. Bxe7 Rfe8 18. Ba3 Rxe2 19. Rfd1 Nb6 20. Bc5 Ree8 21. Ra2 Bf6 22. Rda1 Nc8 23. Bh3 a6 24. Rd1 Rd8 25. Raa1 Ne7 26. Bb6 Rxd1+ 27. Rxd1 Nd5 28. Bd4 Bxd4 29. Rxd4 f5 30. g4 fxg4 31. Bxg4 Kf7 32. Kg2 Rd8 33. Kg3 Kf6 34. f4 Re8 35. Kf2 h5 36. Bf3 Rd8 37. Be4 Rd6 38. Kf3 Ke7 39. Rd2 Kf6 40. Rg2 Ne7 41. Ke3 Nf5+ 42. Bxf5 Kxf5 43. Rg5+ Kf6 44. h4 Rd1 45. f5 Rd5 46. Rxg6+ Kxf5 47. Rg5+ Kf6 48. Rg3 Rb5 49. Kd2 Rb4 50. Rh3 Kf5 51. Kc3 a5 52. Rg3 Rxh4 53. Rg8 Rb4 54. Kc2 h4 55. Kc3 Kf4 56. Ra8 $19 b6 57. Rc8 c5 58. Rh8 Kg3 59. Rh7 h3 60. Rh6 h2 61. Rh7 Rh4 62. Rg7+ Kh3 {[%emt 0:00:06] Kd4} 0-1

[Event "GER-chW 2019"]
[Site "Magdeburg"]
[Date "2019.05.31"]
[Round "8.8"]
[White "Freter, Anke"]
[Black "Braun, Kristin"]
[Result "0-1"]
[ECO "B75"]
[WhiteElo "1873"]
[BlackElo "1895"]
[Annotator "NA"]
[PlyCount "64"]
[EventDate "2019.05.26"]
[EventType "tourn"]
[EventCountry "GER"]
[SourceTitle "playchess.com"]
[Source "ChessBase"]
[SourceQuality "1"]
[TimeControl "40/5400+30:1800+30"]

1. e4 c5 2. Nf3 d6 3. d4 cxd4 4. Nxd4 Nf6 5. Nc3 g6 6. Be3 Bg7 7. f3 Nc6 8. Qd2 O-O 9. g4 Ne5 10. Be2 Bd7 11. Bh6 Qb6 12. Bxg7 Kxg7 13. h4 h5 14. g5 Ne8 15. f4 Ng4 16. Bxg4 Bxg4 17. f5 Rc8 18. Nd5 Qxb2 19. O-O Rc4 20. Rab1 Qxd4+ 21. Qxd4+ Rxd4 22. Rxb7 Rxe4 23. Nxe7 Bxf5 24. Nxf5+ gxf5 25. Rxa7 Rg4+ 26. Kf2 Rxh4 27. Ke3 Rc4 28. Kd3 Rc5 29. a4 Nc7 30. Rb1 Ne6 31. a5 Rfc8 32. Rb2 Rc3+ {[%emt 0:00:57] Kd4} 0-1

[Event "GER-chW 2019"]
[Site "Magdeburg"]
[Date "2019.05.31"]
[Round "8.9"]
[White "Bashylina, Luisa"]
[Black "Just, Anita"]
[Result "1-0"]
[ECO "C07"]
[WhiteElo "1812"]
[BlackElo "1866"]
[Annotator "NA"]
[PlyCount "69"]
[EventDate "2019.05.26"]
[EventType "tourn"]
[EventCountry "GER"]
[SourceTitle "playchess.com"]
[Source "ChessBase"]
[SourceQuality "1"]
[TimeControl "40/5400+30:1800+30"]

1. e4 e6 2. d4 d5 3. Nd2 c5 4. exd5 Qxd5 5. Ngf3 cxd4 6. Bc4 Qd6 7. O-O Nc6 8. Nb3 a6 9. Nbxd4 Nxd4 10. Nxd4 Qc7 11. b3 Bd6 12. Nf3 Nf6 13. Bb2 Bd7 14. h3 O-O-O 15. Qe2 Bc6 16. Ne5 Bxe5 17. Bxe5 Qa5 18. Qe3 Nd7 19. Bd4 e5 20. Bc3 Qc7 21. Bxf7 Rhf8 22. Be6 Rfe8 23. Bxe5 Rxe6 24. Bxc7 Rxe3 25. Bxd8 Re6 26. Ba5 Rg6 27. f3 Ne5 28. Kh2 Nd7 29. Rfe1 Nf6 30. Rad1 Bd7 31. Re7 Rg5 32. Bc3 Nd5 33. Rxg7 Nxc3 34. Rdxd7 Rc5 35. Rdf7 1-0

[Event "GER-chW 2019"]
[Site "Magdeburg"]
[Date "2019.05.31"]
[Round "8.10"]
[White "Ley, Sabrina"]
[Black "Lowke, Kathrin"]
[Result "1-0"]
[ECO "B24"]
[WhiteElo "1870"]
[BlackElo "1887"]
[Annotator "NA"]
[PlyCount "69"]
[EventDate "2019.05.26"]
[EventType "tourn"]
[EventCountry "GER"]
[SourceTitle "playchess.com"]
[Source "ChessBase"]
[SourceQuality "1"]
[TimeControl "40/5400+30:1800+30"]

1. e4 c5 2. Nc3 Nc6 3. Bb5 Nd4 4. Bc4 e6 5. Nge2 a6 6. a4 Qc7 7. d3 Ne7 8. O-O Nec6 9. f4 d6 10. Ng3 g6 11. f5 exf5 12. Nd5 Qd8 13. c3 Bg7 14. cxd4 Nxd4 15. exf5 Nxf5 16. Qe1+ Kf8 17. Nxf5 Bxf5 18. Ne3 Qe7 19. Nxf5 Qxe1 20. Rxe1 gxf5 21. Rb1 Be5 22. Bh6+ Ke7 23. Bg7 Rhg8 24. Bxe5 dxe5 25. Rxe5+ Kf6 26. Rxc5 Rae8 27. Rf1 Rg5 28. Rc7 Re2 29. Rxf7+ Kg6 30. g3 Rxb2 31. Re1 h6 32. Re6+ Kh5 33. d4 Rb1+ 34. Kg2 Rb2+ 35. Be2+ 1-0

[Event "GER-chW 2019"]
[Site "Magdeburg"]
[Date "2019.06.01"]
[Round "9.1"]
[White "Burchardt, Brigitte"]
[Black "Michna, Marta"]
[Result "0-1"]
[ECO "C05"]
[WhiteElo "2094"]
[BlackElo "2355"]
[Annotator "ChessBase"]
[PlyCount "134"]
[EventDate "2019.05.26"]
[EventType "tourn"]
[EventCountry "GER"]
[SourceTitle "playchess.com"]
[Source "ChessBase"]
[SourceQuality "1"]
[TimeControl "40/5400+30:1800+30"]

1. e4 e6 2. d4 d5 3. Nd2 Nf6 4. e5 Nfd7 5. Bd3 c5 6. c3 Nc6 7. Ne2 a5 8. b3 cxd4 9. cxd4 Nb6 10. O-O Bd7 11. a3 Rc8 12. Bb2 h5 13. Nf4 a4 14. b4 Na7 15. Qe2 Be7 16. Ng6 Rh6 17. Nxe7 Qxe7 18. Rac1 Kd8 19. Nb1 Nc4 20. Bxc4 dxc4 21. Rfd1 b5 22. d5 exd5 23. Nc3 Ke8 24. Nxd5 Qg5 25. Rc3 h4 26. Bc1 Qh5 27. Qd2 Bc6 28. f3 h3 29. g4 Qh4 30. Qd4 Re6 31. Nf4 Re7 32. Qe3 Qh6 33. Qf2 Qh7 34. Be3 Rd8 35. Rxd8+ Kxd8 36. Bxa7 Qb1+ 37. Qf1 Qxf1+ 38. Kxf1 Rxa7 39. Nxh3 Re7 40. Re3 Rd7 41. Ke2 Ke7 42. Nf2 Rd4 43. h4 g6 44. Nh1 Ke6 45. Ng3 Rd3 46. f4 Rb3 47. Kd2 Bf3 48. f5+ Kd5 49. fxg6 fxg6 50. e6 Bxg4 51. e7 Bd7 52. h5 gxh5 53. Nxh5 Kd4 54. e8=Q Bxe8 55. Rxe8 c3+ 56. Kc2 Rxa3 57. Nf4 Ra2+ 58. Kb1 Rb2+ 59. Kc1 a3 60. Ne2+ Kd3 61. Nf4+ Kc4 62. Rc8+ Kb3 63. Nd5 Rc2+ 64. Kd1 Rd2+ 65. Kc1 Rxd5 66. Ra8 c2 67. Rd8 a2 0-1

[Event "GER-chW 2019"]
[Site "Magdeburg"]
[Date "2019.06.01"]
[Round "9.2"]
[White "Schulze, Lara"]
[Black "Ries, Jutta"]
[Result "1-0"]
[ECO "B04"]
[WhiteElo "2160"]
[BlackElo "2017"]
[Annotator "ChessBase"]
[PlyCount "135"]
[EventDate "2019.05.26"]
[EventType "tourn"]
[EventCountry "GER"]
[SourceTitle "playchess.com"]
[Source "ChessBase"]
[SourceQuality "1"]
[TimeControl "40/5400+30:1800+30"]

1. e4 Nf6 2. e5 Nd5 3. d4 d6 4. Nf3 g6 5. Bc4 Nb6 6. Bb3 Bg7 7. O-O O-O 8. a4 dxe5 9. Nxe5 Bxe5 10. dxe5 Qxd1 11. Rxd1 Kg7 12. Nc3 c6 13. Bf4 Be6 14. Bxe6 fxe6 15. Bg3 Na6 16. a5 Nd5 17. Ne4 Rad8 18. Rd2 Ndc7 19. Rad1 Rxd2 20. Rxd2 Nb8 21. f3 b6 22. b4 h6 23. Bf2 Nd5 24. c4 Nxb4 25. axb6 axb6 26. Bxb6 N4a6 27. Kf2 Kf7 28. h4 Rc8 29. Be3 Kg7 30. g4 Rf8 31. Kg3 Rc8 32. h5 g5 33. f4 gxf4+ 34. Bxf4 Rh8 35. Be3 c5 36. Nxc5 Nxc5 37. Bxc5 Rc8 38. Bxe7 Rxc4 39. Bf6+ Kf7 40. Rd8 Rc3+ 41. Kf2 Nc6 42. Rh8 Rc2+ 43. Ke3 Rc3+ 44. Kd2 Rg3 45. Rh7+ Kf8 46. Rxh6 Rxg4 47. Rh8+ Kf7 48. Rh7+ Kg8 49. Rc7 Nxe5 50. Bxe5 Rg5 51. Rc8+ Kf7 52. h6 Rh5 53. Bf4 Kg6 54. Rg8+ Kf7 55. Rg7+ Kf6 56. Kd3 e5 57. Be3 Rh3 58. Ke4 Rh4+ 59. Kf3 Rh1 60. Ra7 Kg6 61. Ke4 Rh3 62. Ra6+ Kh7 63. Bg5 Rh1 64. Kxe5 Rf1 65. Ra7+ Kg6 66. Rg7+ Kh5 67. h7 Rf5+ 68. Ke4 1-0

[Event "GER-chW 2019"]
[Site "Magdeburg"]
[Date "2019.06.01"]
[Round "9.3"]
[White "Zimmer, Elke"]
[Black "Koehler, Inken"]
[Result "1/2-1/2"]
[ECO "B00"]
[WhiteElo "1926"]
[BlackElo "1979"]
[Annotator "NA"]
[PlyCount "131"]
[EventDate "2019.05.26"]
[EventType "tourn"]
[EventCountry "GER"]
[SourceTitle "playchess.com"]
[Source "ChessBase"]
[SourceQuality "1"]
[TimeControl "40/5400+30:1800+30"]

1. e4 d6 2. Bc4 Nf6 3. d3 e5 4. Ne2 (4. Nf3 Be7 5. O-O O-O 6. Re1 c6 7. c3 Bg4 8. h3 Bh5 9. Bb3 Nbd7 10. Nbd2 Re8 11. Nf1 Bf8 12. Ng3 Bg6 13. Nh4 Nc5 14. Bc2 d5 15. Qf3 dxe4 16. dxe4 Ne6 17. Nhf5 Qc7 18. Nh6+ {½-½ (54) Wang,H (2730)-Taher,Y (2454) Makati 2018}) 4... Be7 5. c3 O-O 6. h3 {[%emt 0:00:36] C24: Bishop's Opening: 2...Nf6} c6 $146 ({Predecessor:} 6... d5 7. exd5 Nxd5 8. O-O c6 9. d4 e4 10. Bb3 Bg5 {1-0 (35) Petric,M (1891)-Kubicka,S (1998) Austria 2000}) 7. Bb3 Na6 8. Nd2 Nc7 9. Ng3 Be6 10. O-O d5 11. Nf5 Bc5 12. Bc2 Bb6 13. Qf3 Qd7 14. Nb3 Bxf5 15. exf5 Rfe8 16. Bg5 Qd6 17. Qg3 h6 18. Bd2 Rad8 19. d4 Nh7 20. a4 Na6 21. dxe5 Qxe5 22. Bf4 Qf6 23. a5 Bc5 24. Bd3 Bf8 25. Rfe1 Nc5 26. Nxc5 Bxc5 27. h4 Bf8 28. Be5 Rxe5 29. Qxe5 Qxh4 30. Qg3 Qf6 31. Re2 Bd6 32. Qg4 Bc7 33. a6 Qd6 34. Qh4 b6 35. Rae1 Nf6 36. g3 Kf8 37. Qa4 Nd7 38. Qb4 Nc5 39. Bc2 Qf6 40. Kg2 Bd6 41. Qh4 Qxh4 42. gxh4 Bb8 43. Ra1 Re8 44. Kf3 Rxe2 $11 45. Kxe2 Ke7 46. b4 Nd7 47. Bd3 b5 48. Re1 Be5 49. Kd2 Kd8 50. Kc2 Bf6 51. h5 Nb6 52. Rd1 Kc7 53. Ra1 Nc8 54. Ra5 Nd6 55. f3 Kb6 56. Ra1 Kc7 57. Kd2 Kd7 58. Rd1 Bg5+ 59. Kc2 Ke7 60. f6+ Bxf6 61. Re1+ Kd7 62. Bh7 Kc7 63. Ra1 Bg5 64. Bg8 Kd7 65. Rg1 Ke7 66. Re1+ 1/2-1/2

[Event "GER-chW 2019"]
[Site "Magdeburg"]
[Date "2019.06.01"]
[Round "9.4"]
[White "Mehling, Katharina"]
[Black "Perez Celis, Alba"]
[Result "1-0"]
[ECO "D45"]
[WhiteElo "1974"]
[BlackElo "1822"]
[Annotator "NA"]
[PlyCount "101"]
[EventDate "2019.05.26"]
[EventType "tourn"]
[EventCountry "GER"]
[SourceTitle "playchess.com"]
[Source "ChessBase"]
[SourceQuality "1"]
[TimeControl "40/5400+30:1800+30"]

1. d4 d5 2. c4 c6 3. Nf3 Nf6 4. Nc3 e6 5. e3 Be7 6. Bd3 O-O 7. O-O Nbd7 8. b3 a6 9. Bb2 {[%emt 0:10:35] D46: Semi-Slav: 5 e3 Nbd7 6 Bd3, Black avoids the Meran} b5 (9... b6 10. Qe2 Bb7 11. Rad1 c5 12. cxd5 exd5 13. Bf5 Re8 14. dxc5 bxc5 15. Qc2 Nb6 16. Ne2 g6 {1-0 (45) Ivanisevic,I (2645)-Pikula,D (2525) Vrnjacka Banja 2012}) 10. Qc2 Bb7 11. a3 bxc4 12. bxc4 dxc4 13. Bxc4 c5 14. Rad1 $146 ({Predecessor:} 14. Rfd1 Qc7 15. d5 Nb6 16. Ne4 Nxe4 17. Qxe4 Nxc4 18. Qxc4 exd5 {1-0 (47) Panjwani,R (2401)-Haessel,D (2207) Calgary 2010}) 14... Bxf3 15. gxf3 cxd4 16. Rxd4 Qc7 17. Bd3 Bd6 18. Rd1 Bxh2+ {[%emt 0:01:55] [#]} 19. Kg2 $1 Ne5 $18 20. Be2 Nc6 21. Rc4 Be5 22. f4 Bxc3 23. Qxc3 Rac8 24. Bf3 Qb8 25. Bxc6 Rc7 26. Rc1 Rfc8 27. Qb4 Qxb4 28. axb4 h5 29. Be5 Ra7 30. Rc5 Ng4 31. Bd4 e5 32. fxe5 g5 33. Bf3 Re8 34. Rc8 Rae7 35. Rxe8+ Rxe8 36. Bxg4 hxg4 37. Rc6 Ra8 38. Kg3 Rb8 39. Bc5 Rd8 40. Rxa6 Rd5 41. Bd6 Kg7 42. Kxg4 Rd2 43. Kg3 Kg6 44. b5 Kf5 45. b6 Rb2 46. Bc7 Rb1 47. f3 g4 48. e4+ Kg5 49. Bd8+ Kg6 50. b7+ Kh7 51. Bb6 1-0

[Event "GER-chW 2019"]
[Site "Magdeburg"]
[Date "2019.06.01"]
[Round "9.5"]
[White "Erofeev, Anastasia"]
[Black "Von Herman, Brigitte"]
[Result "0-1"]
[ECO "E45"]
[WhiteElo "2003"]
[BlackElo "2064"]
[Annotator "NA"]
[PlyCount "54"]
[EventDate "2019.05.26"]
[EventType "tourn"]
[EventCountry "GER"]
[SourceTitle "playchess.com"]
[Source "ChessBase"]
[SourceQuality "1"]
[TimeControl "40/5400+30:1800+30"]

1. d4 Nf6 2. c4 e6 3. Nc3 Bb4 4. e3 b6 5. Nge2 Ba6 6. Nf4 O-O 7. Bd3 Bxc3+ 8. bxc3 Nc6 9. O-O d6 10. e4 $11 e5 11. Nd5 Nd7 12. Qg4 f6 13. Be3 Na5 14. Qe2 c5 15. Rfe1 Rc8 16. Rac1 Rf7 17. f4 Qe8 18. dxe5 dxe5 19. f5 Nf8 20. Bf2 Qa4 21. Ne3 Rd8 22. Bc2 Qa3 23. Bd3 Rfd7 24. Nd5 Qa4 25. Red1 Bxc4 26. Bxc4 Qxc4 27. Qg4 Rxd5 0-1

[Event "GER-chW 2019"]
[Site "Magdeburg"]
[Date "2019.06.01"]
[Round "9.6"]
[White "Braun, Kristin"]
[Black "Schmidt, Jade"]
[Result "1/2-1/2"]
[ECO "D05"]
[WhiteElo "1895"]
[BlackElo "2062"]
[Annotator "NA"]
[PlyCount "75"]
[EventDate "2019.05.26"]
[EventType "tourn"]
[EventCountry "GER"]
[SourceTitle "playchess.com"]
[Source "ChessBase"]
[SourceQuality "1"]
[TimeControl "40/5400+30:1800+30"]

1. d4 d5 2. e3 Nf6 3. Bd3 g6 4. Nd2 Bg7 5. f4 Bf5 6. Be2 h5 7. Ngf3 Ng4 8. Nf1 Nd7 9. Ng3 Nh6 10. Nxf5 Nxf5 $11 11. c4 c6 12. cxd5 cxd5 13. Qb3 Nb6 14. Bb5+ Kf8 15. O-O e6 16. Bd2 Nc8 17. Rac1 Kg8 18. Rc2 Ncd6 19. Bd3 Rc8 20. Rxc8 Qxc8 21. Rc1 Qb8 22. Qc2 Bf6 23. Ne5 Bd8 24. Kf2 Kg7 25. Nd7 Qa8 26. Bb4 Bh4+ 27. g3 Rc8 28. Qd2 Rxc1 29. Qxc1 Qd8 30. Ne5 Be7 31. Bc5 a6 32. Qc2 Qc7 33. Ba3 Qxc2+ 34. Bxc2 Nc8 35. Bxf5 gxf5 36. Bxe7 Nxe7 37. Nd7 Nc8 38. Nc5 1/2-1/2

[Event "GER-chW 2019"]
[Site "Magdeburg"]
[Date "2019.06.01"]
[Round "9.7"]
[White "Kunze, Kerstin"]
[Black "Bashylina, Luisa"]
[Result "0-1"]
[ECO "A00"]
[WhiteElo "2066"]
[BlackElo "1812"]
[Annotator "NA"]
[PlyCount "62"]
[EventDate "2019.05.26"]
[EventType "tourn"]
[EventCountry "GER"]
[SourceTitle "playchess.com"]
[Source "ChessBase"]
[SourceQuality "1"]
[TimeControl "40/5400+30:1800+30"]

1. g3 d6 2. Bg2 g6 3. d4 Bg7 4. e4 Nf6 5. Nc3 Nfd7 6. Be3 e5 7. h4 h5 8. Nge2 $14 Nc6 9. d5 Ne7 10. Qd2 Nb6 11. b3 Ng8 12. Nb5 Bh6 13. Qc3 Bxe3 14. fxe3 Kd7 15. a4 a6 16. Bh3+ Ke7 17. Nxc7 Rb8 18. a5 Bxh3 19. axb6 Bg2 20. Rh2 Bxe4 21. Qc4 Bf3 22. Nc3 Nf6 23. Rf2 Bg4 24. Kd2 Nd7 25. Qb4 Rc8 26. Ne4 Nxb6 27. Qxb6 Qxc7 28. Qxc7+ Rxc7 29. Nf6 Bf5 30. c4 e4 31. Raf1 Kxf6 0-1

[Event "GER-chW 2019"]
[Site "Magdeburg"]
[Date "2019.06.01"]
[Round "9.8"]
[White "Just, Anita"]
[Black "Ley, Sabrina"]
[Result "0-1"]
[ECO "B92"]
[WhiteElo "1866"]
[BlackElo "1870"]
[Annotator "NA"]
[PlyCount "136"]
[EventDate "2019.05.26"]
[EventType "tourn"]
[EventCountry "GER"]
[SourceTitle "playchess.com"]
[Source "ChessBase"]
[SourceQuality "1"]
[TimeControl "40/5400+30:1800+30"]

1. e4 c5 2. Nf3 d6 3. d4 cxd4 4. Nxd4 Nf6 5. Nc3 $11 a6 6. Be2 e5 7. Nb3 Be6 8. O-O Nbd7 9. f4 exf4 10. Bxf4 Ne5 11. Qd4 Qc7 12. Nd5 Bxd5 13. exd5 Be7 14. Rae1 O-O 15. c4 Nfd7 16. Qf2 Bf6 17. Nd2 Nc5 18. Qg3 Qd8 19. Bh6 Kh8 20. Rxf6 Qxf6 21. Be3 Qg6 22. Qh3 Ncd7 23. Bh5 Qd3 24. Be2 Qc2 25. Bd1 Qxb2 26. Ne4 Qb4 27. Rf1 Qxc4 28. Nxd6 Qxd5 29. Bc2 g6 30. Rd1 Qe6 31. Qg3 Qg4 32. Qxg4 Nxg4 33. Bd4+ f6 34. Bb3 Nge5 35. Nxb7 Rac8 36. Nd6 Rc6 37. Ne4 Kg7 38. h3 Rfc8 39. Bb2 Nc5 40. Nxc5 Rxc5 41. Ba3 R5c7 42. Rd6 Rc6 43. Rd5 Nc4 44. Rd7+ Kh8 45. Be7 Kg8 46. Bd6 a5 47. Bf4 g5 48. Bg3 Kh8 49. Ra7 Nd2 50. Be1 Rc1 51. Re7 Nxb3 52. axb3 Rb1 53. Kh2 Rxb3 54. Bxa5 Rb2 55. Rc7 Rxc7 56. Bxc7 Kg7 57. Ba5 Kg6 58. Bc3 Rc2 59. Bd4 f5 60. Kg1 h5 61. Be5 f4 62. Bd6 Kf5 63. Kf1 g4 64. hxg4+ hxg4 65. g3 fxg3 66. Bxg3 Ke4 67. Bd6 Kf3 68. Kg1 g3 0-1

[Event "GER-chW 2019"]
[Site "Magdeburg"]
[Date "2019.06.01"]
[Round "9.9"]
[White "Lowke, Kathrin"]
[Black "Liu, Sijia Anna"]
[Result "0-1"]
[ECO "B43"]
[WhiteElo "1887"]
[BlackElo "1689"]
[Annotator "NA"]
[PlyCount "100"]
[EventDate "2019.05.26"]
[EventType "tourn"]
[EventCountry "GER"]
[SourceTitle "playchess.com"]
[Source "ChessBase"]
[SourceQuality "1"]
[TimeControl "40/5400+30:1800+30"]

1. e4 c5 2. Nf3 e6 3. d4 cxd4 4. Nxd4 a6 5. Nc3 Qc7 6. a3 $11 b5 7. Be2 Bb7 8. O-O b4 9. axb4 Bxb4 10. Qd3 Nf6 11. Bf3 O-O 12. e5 Nd5 13. Nxd5 Bxd5 14. Bxd5 exd5 15. Qg3 Nc6 16. c3 Bc5 17. Nxc6 dxc6 18. Ra4 Rfe8 19. Rg4 Qxe5 20. Bf4 Qf6 21. Rg5 Bf8 22. h4 Re4 23. Be3 Qe6 24. Bf4 Re8 25. h5 h6 26. Rg4 Qf6 27. f3 Re2 28. Ra1 c5 29. b3 R8e6 30. Rd1 d4 31. cxd4 cxd4 32. Rc1 d3 33. Rd1 Qd4+ 34. Kh2 Qd5 35. b4 Qxh5+ 36. Rh4 Qf5 37. Bxh6 Qg6 38. Bf4 Qxg3+ 39. Kxg3 Bxb4 40. Kh3 d2 41. Bg5 Re1 42. Bxd2 Rxd1 43. Bxb4 Rh1+ 44. Kg3 Rxh4 45. Kxh4 Kh7 46. g4 Kg6 47. Kg3 f5 48. Bc3 fxg4 49. Kxg4 Rb6 50. f4 Rb5 0-1

[Event "GER-chW 2019"]
[Site "Magdeburg"]
[Date "2019.06.01"]
[Round "9.10"]
[White "Kopylov, Luba"]
[Black "Freter, Anke"]
[Result "1/2-1/2"]
[ECO "A45"]
[WhiteElo "2078"]
[BlackElo "1873"]
[Annotator "NA"]
[PlyCount "52"]
[EventDate "2019.05.26"]
[EventType "tourn"]
[EventCountry "GER"]
[SourceTitle "playchess.com"]
[Source "ChessBase"]
[SourceQuality "1"]
[TimeControl "40/5400+30:1800+30"]

1. d4 Nf6 2. g3 d5 3. c4 c6 4. Bg2 g6 5. Nc3 Bg7 6. cxd5 cxd5 7. Nf3 O-O 8. Ne5 e6 9. O-O Nc6 10. Bg5 Qb6 {[%emt 0:03:04] D79: Fianchetto Grünfeld: Symmetrical Variation (6 0-0 c6 7 cxd5 cxd5)} (10... h6 11. Nxc6 bxc6 12. Bf4 Nd7 13. Qd2 Qb6 14. Rfd1 Ba6 15. Rac1 Rfd8 16. e4 Rac8 17. Na4 Qb5 18. Nc5 Nxc5 19. Rxc5 Qe2 20. Qc1 {1-0 (35) Yu,Y (2753)-Lu,S (2638) Danzhou 2017}) 11. Na4 Qa5 12. Nxc6 bxc6 13. Rc1 Rb8 $146 ({Predecessor:} 13... Ba6 14. Nc5 Rfc8 15. Re1 Rab8 16. Bxf6 Bxf6 17. Nd7 Rxb2 18. Nxf6+ {0-1 (30) Kubiak,L (1812)-Darowicki,M (1855) Poland 2013}) 14. Bf4 Rb4 15. b3 Rb5 16. Bd6 Re8 (16... Rd8 $16 {was called for.} 17. Rxc6 Rxd6 18. Rxc8+ (18. Rxd6 Qc7 $16) 18... Rd8 19. Rxd8+ Qxd8) 17. Rxc6 Bb7 18. Rc2 Ne4 19. Bc7 Qb4 20. e3 h5 21. f3 Nd6 22. Nc3 Nf5 23. Nxb5 Nxe3 24. Qe2 Nxc2 $15 25. Qxc2 Qxb5 26. Qd1 Qb4 1/2-1/2